 Dungeon Crawl Stone Soup version 0.18-a0-1266-g3be6530 (webtiles) character file.

968 TheOrbIsALie the Martial Artist (level 7, -9/53 HPs)
             Began as a Demonspawn Monk on Feb 6, 2016.
             Splashed by Edmund's acid (12 damage)
             ... on level 5 of the Dungeon.
             The game lasted 00:10:52 (5286 turns).

TheOrbIsALie the Martial Artist (Demonspawn Monk)   Turns: 5286, Time: 00:10:52

Health: -9/53      AC:  4    Str: 13    XL:     7   Next: 93%
Magic:  7/7        EV: 13    Int: 11    God:
Gold:   321        SH:  0    Dex: 16    Spells: 0 memorised, 6 levels left

rFire  + . .     SeeInvis +       - Unarmed
rCold  + . .     Gourm    .     a - +0 robe
rNeg   . . .     Faith    .     (no shield)
rPois  .         Spirit   .     (no helmet)
rElec  .         Dismiss  .     j - +0 cloak
rCorr  .         Reflect  .     (no gloves)
SustAt .         Harm     .     (no boots)
MR     .....                    q - amulet of regeneration
Stlth  ++........               r - ring of see invisible
                                h - ring of protection from cold

@: not resistant to hostile enchantments, unstealthy
A: claws 2, rugged brown scales 1, fire resistance 1
a: no special abilities


You were on level 5 of the Dungeon.
You were hungry.

You visited 1 branch of the dungeon, and saw 5 of its levels.
You also visited: Sewer.

You collected 321 gold pieces.

Inventory:

Armour
 a - a +0 robe (worn)
 j - a +0 cloak (worn)
Jewellery
 h - a ring of protection from cold (left claw)
 q - an amulet of regeneration (around neck)
 r - a ring of see invisible (right claw)
 u - an uncursed ring of ice
Wands
 i - a wand of heal wounds (0/9)
 n - a wand of flame (21/48)
Scrolls
 c - 10 scrolls of identify {unknown}
 e - 4 scrolls of amnesia {unknown}
 l - 3 scrolls of remove curse {unknown}
 o - 3 scrolls of teleportation {unknown}
 t - 3 scrolls of blinking {unknown}
 v - a scroll of noise {unknown}
 x - a scroll of enchant weapon {unknown}
 y - a scroll of fear {unknown}
Potions
 d - 4 potions of curing
 f - 3 potions of magic {unknown}
 k - 3 potions of haste {unknown}
 m - 3 potions of brilliance {unknown}
 s - 2 potions of degeneration {unknown}
 w - a potion of might {unknown}
 z - a potion of agility {unknown}
Comestibles
 b - 4 bread rations
 g - a slice of pizza
 p - 5 meat rations
 A - 3 fruits


   Skills:
 - Level 3.0 Fighting
 - Level 2.6 Dodging
 - Level 1.7 Stealth
 + Level 9.2 Unarmed Combat


You had 6 spell levels left.
You didn't know any spells.

Dungeon Overview and Level Annotations

Branches:
Dungeon (5/15)
 Temple: D:4-7

Altars:
Gozag
Nemelex Xobeh
Pakellas
Ru
Trog
Yredelemnul
Zin
The Shining One

Shops:
D:4 [   D:5 %

Annotations:
D:5 Edmund


Innate Abilities, Weirdness & Mutations

You have very sharp fingernails.
You are partially covered in rugged brown scales (AC +1, +3% HP).
Your flesh is heat resistant.


Message History

Edmund is lightly wounded.
Edmund completely misses you.
You closely miss Edmund.
Edmund is lightly wounded.
Edmund grinds his teeth, and then sighs.
Edmund closely misses you.
You scratch Edmund but do no damage.
Edmund is lightly wounded.
You scratch Edmund.
Edmund is lightly wounded.
Edmund zaps a wand.
The bolt of acid misses you.
You scratch Edmund.
Edmund is lightly wounded.
Edmund zaps a wand.
The bolt of acid hits you!
The acid burns!
You claw Edmund!
Edmund is heavily wounded.
Edmund zaps a wand.
The bolt of acid hits you!
* * * LOW HITPOINT WARNING * * *
The acid burns!
You die...

.# #≈#≈≈#≈#≈#.######### .#
#≈#≈##≈#≈#.....##..#
.#######≈#≈##≈≈≈###.......#
.......#≈#≈≈#≈###......#### #
.################.......## # .##
#.......>.......#.#..#### #
..###.######.......##.##....#####
#....(#......####.###.#####....##
.......[.......@@(....(..........
.......#########..###.###########
####.#..########.## #.# #
####..........##.# #.# #
.................####.###########
######(..####.............)...).#
###..# ####.≈.≈..#########.. ##.#
#≈≈.≈≈## ### #.######≈≈∩≈≈O# ##
####


You could see Edmund.

Vanquished Creatures
  Duvessa (D:5)
  The ghost of Ultraviolent4 the Ruffian, an amateur VSMo (Sewer)
  An ice beast (D:5)
  A crocodile (Sewer)
  Dowan (D:5)
  2 scorpions
  The ghost of Ultraviolent4 the Ruffian, a weakling VSMo (D:3)
  A giant frog zombie (D:5)
  2 orc wizards
  4 orc priests
  An iguana (D:5)
  3 gnolls (D:4)
  3 adders
  6 worms
  2 giant geckos (D:1)
  11 orcs
  5 bats
  5 giant cockroaches
  6 goblins
  10 hobgoblins
  9 jackals
  9 kobolds
  A ball python (D:1)
  A giant gecko skeleton (D:4)
  4 giant newts
  A jackal skeleton (D:5)
  8 rats
100 creatures vanquished.

Notes
Turn   | Place    | Note
--------------------------------------------------------------
     0 | D:1      | TheOrbIsALie the Demonspawn Monk began the quest for the Orb.
     0 | D:1      | Reached XP level 1. HP: 18/18 MP: 1/1
   129 | D:1      | Reached skill level 4 in Unarmed Combat
   139 | D:1      | Gained mutation: Your flesh is heat resistant. [demonic ancestry]
   139 | D:1      | Reached XP level 2. HP: 17/24 MP: 2/2
  1186 | D:2      | Gained mutation: You have sharp fingernails. [demonic ancestry]
  1186 | D:2      | Reached XP level 3. HP: 18/29 MP: 3/3
  1326 | D:2      | Found an oddly glowing altar of Pakellas.
  1899 | D:2      | Reached skill level 5 in Unarmed Combat
  2147 | D:2      | Gained mutation: You have very sharp fingernails. [demonic ancestry]
  2147 | D:2      | Reached XP level 4. HP: 19/35 MP: 4/4
  2844 | D:3      | Reached XP level 5. HP: 38/41 MP: 5/5
  2862 | D:3      | Found a basalt altar of Yredelemnul.
  2868 | D:3      | Noticed a profane servitor
  2873 | D:3      | Found a glowing golden altar of the Shining One.
  2875 | D:3      | Noticed an angel
  2999 | D:3      | Noticed Ultraviolent4's ghost (weakling VSMo)
  3017 | D:3      | Killed Ultraviolent4's ghost
  3017 | D:3      | Reached skill level 6 in Unarmed Combat
  3095 | D:3      | Found a sacrificial altar of Ru.
  3518 | D:3      | Reached XP level 6. HP: 34/47 MP: 6/6
  3815 | D:4      | Found Mim Alug's Armour Boutique.
  4111 | D:4      | Reached skill level 7 in Unarmed Combat
  4176 | D:4      | Found an opulent altar of Gozag.
  4177 | D:4      | Found a sparkling altar of Nemelex Xobeh.
  4472 | D:5      | Entered Level 5 of the Dungeon
  4472 | D:5      | Found Xaok's Food Shoppe.
  4525 | D:5      | Noticed Duvessa
  4542 | D:5      | Noticed Dowan
  4548 | D:5      | Killed Duvessa
  4580 | D:5      | Killed Dowan
  4580 | D:5      | Gained mutation: You are partially covered in rugged brown scales (AC +1, +3% HP). [demonic ancestry]
  4580 | D:5      | Reached XP level 7. HP: 32/53 MP: 7/7
  4628 | D:5      | Reached skill level 8 in Unarmed Combat
  4635 | D:5      | Found a bloodstained altar of Trog.
  4635 | D:5      | Found a glowing silver altar of Zin.
  4710 | D:5      | Found a glowing drain.
  4718 | Sewer    | Entered a sewer
  4718 | Sewer    | Noticed Ultraviolent4's ghost (amateur VSMo)
  4724 | Sewer    | Killed Ultraviolent4's ghost
  5143 | D:5      | Reached skill level 9 in Unarmed Combat
  5273 | D:5      | Noticed Edmund
  5286 | D:5      | Splashed by Edmund's acid

Vault maps used:
D:1:      lightli_arrival_lavapool
D:2:      grunt_pakellas_basics
D:3:      grunt_temple_overflow_holy_war, lemuel_round_altar, first_bread
D:4:      grunt_temple_overflow_opulence, serial_shops, shop
D:5:      gammafunk_temple_overflow_elements, serial_shops,
          nicolae_shop_waterfront, lightli_sewer_entry_pipes, uniq_edmund,
          uniq_duvessa
Sewer:    sewer_the_crocodile

Action                   |  1- 3 |  4- 6 |  7- 9 || total
-------------------------+-------+-------+-------++-------
Melee: Unarmed           |   148 |   159 |    64 ||   371
  Use: Potion            |     1 |       |       ||     1
 Stab: Sleeping          |     8 |     6 |       ||    14
  Eat: Chunk             |     4 |     6 |     2 ||    12
       Beef jerky        |       |     1 |       ||     1
